Map: Neon Violet Square LE

Players

AxImpact (Impact)

  • Race: Zerg Zerg
  • League: Diamond
  • Spawn Location: 11:00

ShoWTimE - Winner!

  • Race: Protoss Protoss
  • League: Grandmaster
  • Spawn Location: 5:00

Event: HomeStory Cup XVI

VOD

Have the link to the VOD?

Description

Time

  • Played on: Nov. 10, 2017, 8:15 a.m.
  • Length: 7:10

All games in this series

Show
View Real Time Build Order
Export as new Build Order

AxImpact Zerg 

Build Orders: Hatch First 

Get SALT Encoding   

  12  0:01  Drone  
  13  0:12  Overlord  
  13  0:18  Drone  
  14  0:30  Drone x2  
  14  0:34  Drone  
  17  0:54  Hatchery  
  16  0:57  Drone  
  16  1:00  Drone  
  18  1:12  Extractor  
  18  1:15  Spawning Pool  
  16  1:19  Drone  
  16  1:22  Drone  
  18  1:28  Drone  
  19  1:38  Drone  
  20  1:52  Hatchery  
  19  1:55  Drone  
  19  2:00  Drone  
  21  2:05  Zergling x2  
  22  2:11  Metabolic Boost  
  22  2:17  Queen  
  22  2:21  Drone  
  25  2:24  Drone  
  26  2:30  Overlord  
  26  2:33  Drone x2  
  28  2:39  Overlord  
  28  2:44  Overlord  
  28  2:57  Queen  
  30  3:00  Drone  
  30  3:02  Drone  
  30  3:03  Drone  
  30  3:05  Drone  
  33  3:08  Drone  
  34  3:14  Queen  
  34  3:17  Drone  
  37  3:20  Zergling x4  
  37  3:23  Zergling x2  
  37  3:26  Zergling x6  
  43  3:29  Zergling x2  
  43  3:30  Zergling x2  
  45  3:36  Lair  
  45  3:38  Drone  
  45  3:39  Drone  
  47  3:43  Overlord  
  47  3:47  Drone x2  
  47  3:48  Drone  
  50  3:55  Overlord  
  50  4:00  Extractor  
  50  4:01  Extractor, Drone x2  
  49  4:06  Drone  
  49  4:09  Drone  
  52  4:10  Drone  
  52  4:11  Drone  
  52  4:12  Queen, Drone x2  
  52  4:17  Overlord  
  57  4:21  Baneling Nest, Zergling x2  
  57  4:22  Zergling x2  
  58  4:26  Zergling x6  
  58  4:27  Spine Crawler  
  59  4:32  Zergling x6  
  59  4:34  Zergling x2  
  59  4:35  Zergling x2  
  63  4:41  Overseer  
  63  4:42  Zergling x2  
  63  4:43  Zergling x6  
  63  4:44  Overseer  
  67  4:47  Spine Crawler, Zergling x2  
  67  4:53  Roach Warren  
  67  4:55  Zergling x6  
  67  4:57  Zergling x2  
  70  5:01  Zergling x2  
  70  5:02  Zergling x4  
  70  5:05  Baneling x5  
  70  5:06  Baneling  
  73  5:13  Overlord  
  73  5:15  Baneling x2  
  72  5:22  Zergling x2  
  73  5:29  Overlord  
  73  5:33  Roach x4  
  81  5:36  Overlord, Baneling  
  72  5:51  Roach x3, Zergling x2  
  72  5:52  Zergling x2  
  72  5:53  Zergling x6  
  72  6:00  Roach  
  72  6:01  Extractor  
  72  6:02  Spine Crawler, Zergling x4  
  66  6:09  Zergling x2  
  66  6:14  Zergling x4  
  64  6:20  Roach  
  64  6:21  Baneling  
  64  6:23  Baneling  
  64  6:24  Queen x2, Zergling x2  
  70  6:31  Roach  
  72  6:38  Roach  
  69  6:42  Roach  
  69  6:46  Roach  
  69  6:48  Baneling  
  65  6:59  Spawning Pool  
Show
View Real Time Build Order
Export as new Build Order

ShoWTimE Protoss - Winner!

Build Orders: 1 Gate Expand 

Get SALT Encoding   

  1  0:00  Probe (Chrono Boost)  
  12  0:04  Probe (Chrono Boost)  
  14  0:19  Pylon  
  14  0:24  Probe (Chrono Boost)  
  15  0:38  Gateway  
  15  0:39  Probe (Chrono Boost)  
  16  0:43  Assimilator  
  17  0:51  Probe (Chrono Boost)  
  17  0:58  Probe (Chrono Boost)  
  18  1:05  Probe (Chrono Boost)  
  19  1:17  Probe (Chrono Boost)  
  20  1:24  Nexus  
  20  1:34  Cybernetics Core  
  20  1:39  Probe (Chrono Boost)  
  21  1:42  Assimilator  
  21  1:48  Pylon  
  21  1:53  Probe (Chrono Boost)  
  22  2:00  Stalker  
  22  2:05  Probe (Chrono Boost)  
  23  2:11  Warp Gate  
  25  2:17  Probe (Chrono Boost)  
  26  2:23  Robotics Facility  
  27  2:30  Probe (Chrono Boost)  
  27  2:33  Adept  
  30  2:38  Probe (Chrono Boost)  
  30  2:42  Probe (Chrono Boost)  
  31  2:50  Probe (Chrono Boost)  
  32  2:51  Twilight Council  
  32  2:56  Probe (Chrono Boost)  
  33  3:01  Immortal  
  34  3:08  Probe (Chrono Boost)  
  34  3:10  Charge  
  39  3:14  Probe (Chrono Boost)  
  40  3:20  Probe (Chrono Boost)  
  40  3:22  Gateway  
  40  3:30  Warp Prism  
  40  3:33  Gateway  
  42  3:46  Gateway  
  42  3:49  Gateway  
  42  3:55  Gateway  
  42  4:03  Shield Battery  
  42  4:10  Gateway  
  42  4:14  Gateway  
  42  4:18  Pylon  
  42  4:19  Adept  
  44  4:25  Pylon  
  44  4:29  Zealot  
  46  4:32  Pylon  
  46  4:42  Gateway  
  46  4:49  Zealot x4  
  46  4:51  Zealot  
  54  5:05  Pylon  
  54  5:15  Zealot x5  
  54  5:16  Zealot  
  66  5:24  Pylon  
  66  5:26  Pylon  
  66  5:43  Zealot x6  
  66  5:44  Zealot  
  80  5:54  Zealot  
  60  6:16  Zealot x8  
  76  6:22  Pylon  
  76  6:38  Zealot  
  76  6:39  Zealot x7  
  72  7:04  Zealot x3  
  72  7:06  Zealot x2  
Tags
 
Add a new tag
Caveats
  • Supply blocks, unpowered buildings, or Contaminate may cause inaccurate times.
  • Supply counts are checked every 10 seconds.